 Dungeon Crawl Stone Soup version 0.30-a0-748-ge6a52f7cba (webtiles) character file.

Game seed: 12359462874404868939

1 Esekla the Sneak (level 1, 16/16 HPs)
             Began as an Octopode Delver on Feb 8, 2023.
             Quit the game on level 5 of the Dungeon.
             The game lasted 00:00:58 (111 turns).

Esekla the Sneak (Octopode Delver)                   Turns: 111, Time: 00:00:59

Health: 16/16      AC:  1    Str: 11    XL:     1   Next: 20%
Magic:  1/1        EV: 13    Int: 12    God:
Gold:   0          SH:  0    Dex: 13    Spells: 0/0 levels left

rFire   . . .      SeeInvis .    a - +0 falchion
rCold   . . .      Faith    .    (no shield)
rNeg    . . .      Spirit   .    (helmet restricted)
rPois   .          Reflect  .    (no amulet)
rElec   .          Harm     .    (no ring)
rCorr   .          Rampage  .    (no ring)
Will    .....                    (no ring)
Stlth   ++++                     (no ring)
HPRegen 0.22/turn                (no ring)
MPRegen 0.07/turn                (no ring)
                                 (no ring)
                                 (no ring)

@: no status effects
A: almost no armour, amphibious, 8 rings, camouflage 1, gelatinous body 1,
(nimble swimmer 1), tentacles
a: no special abilities


You were on level 5 of the Dungeon.
You visited 1 branch of the dungeon, and saw 1 of its levels.

Inventory:

Hand Weapons
 a - a +0 falchion (weapon)
Wands
 f - a wand of digging (3)
Scrolls
 b - a scroll of fog
 d - a scroll of fear
 g - a scroll of teleportation {unknown}
Potions
 e - a potion of haste


   Skills:
 * Level 3.0 Fighting
 * Level 2.0 Long Blades
 * Level 2.0 Dodging
 + Level 6.6 Stealth


You couldn't memorise any spells.
You didn't know any spells.
Your spell library was empty.

Dungeon Overview and Level Annotations

Branches:
Dungeon (5/15)
 Temple: D:4-7

Altars:

Shops:
D:5 (


Innate Abilities, Weirdness & Mutations

You cannot wear most types of armour.
You are amphibious.
You can wear up to eight rings at the same time.
Your skin changes colour to match your surroundings (Stealth+).
Your rubbery body absorbs attacks. (AC +1, EV +1)
((You are camouflaged when in or above water. (Stealth+)))
You have tentacles for arms and can constrict up to eight enemies at once.


Message History

Welcome, Esekla the Octopode Delver.
The wondrous Orb of Zot lies far below, as if waiting for you to find it.
Press ? for a list of commands and other information.
Found a mace.
Found a stone staircase leading down and a stone staircase leading up.
Found a scroll labelled HIOFROCKYD.
Found an escape hatch in the ceiling.
Found an escape hatch in the floor.
g - a scroll labelled HIOFROCKYD
As you read the scroll of magic mapping, it crumbles to dust.
You feel aware of your surroundings.
You sensed 1 altar, and 1 shop/portal.
You open the door.
An iguana and an orc wizard come into view.
There is an open door here.
You see here a +0 mace.
You open the door.
A quokka comes into view.
There is an open door here.
You barely miss the quokka. Your grab misses the quokka. The quokka misses you.
You closely miss the quokka. You grab the quokka. You squeeze the quokka.
The quokka is lightly wounded.
You constrict the quokka, but do no damage.
The quokka bites you. The quokka closely misses you.
You hit the quokka but do no damage.
The quokka is lightly wounded.
You constrict the quokka, but do no damage.
The quokka barely misses you.
You hit the quokka. You squeeze the quokka.
The quokka is severely wounded.
You constrict the quokka.
You kill the quokka!
You start resting.
HP restored.
Found Witzeggu's Antique Weapon Shoppe.
There is an entrance to Witzeggu's Antique Weapon Shoppe here.
You can access your shopping list by pressing '$'.
Are you sure you want to abandon this character and quit the game? (Confirm with "yes".)

###........,,,,,,*
#..........,,,,,,*
#.#........,,,,,,*
#.#........,,,,,,*
#....######,******
#.#.#### #,* #####
#.#....#
#.###≈≈≈##
#.####.#
#...≈≈≈≈≈# ### #.#
***#≈≈@≈≈# #.#
#≈~.~≈# #.#
##~.~##
#.#########.##
#...........#
#############


There were no monsters in sight!

Vanquished Creatures
  A quokka (D:5)
1 creature vanquished.

Notes
Turn   | Place    | Note
-------+----------+-------------------------------------------
     0 | D:5      | Esekla the Octopode Delver began the quest for the Orb.
     0 | D:5      | Reached XP level 1. HP: 16/16 MP: 1/1
    20 | D:5      | Noticed an iguana
    20 | D:5      | Noticed an orc wizard
   106 | D:5      | Found Witzeggu's Antique Weapon Shoppe.
   111 | D:5      | Quit the game

Illustrated notes

Levels and vault maps discovered:
D:5:      layout_basic, nemelex_dance_club_becter, serial_shops,
          nicolae_shop_waterfront

Action                     || total
---------------------------++-------
  Melee: Falchion          ||     4
         Tentacles         ||     2
         Constrict         ||     1
    Use: Scroll            ||     1
  Dodge: Dodged            ||     3

Table legend: (Time is in decaauts)
 A = Elapsed time spent in this place.
 B = Non-inter-level travel time spent in this place.
 C = Inter-level travel time spent in this place.
 D = Time resting spent in this place.
 E = Time spent auto-exploring this place.
 F = Levels seen in this place.
 G = Mean time per level.
                   A        B        C        D        E       F      G
               +--------+--------+--------+--------+--------+-----+--------+
         Total |    111 |    111 |      0 |      6 |      0 |   1 |  111.0 |
       Dungeon |    111 |    111 |      0 |      6 |      0 |   1 |  111.0 |
               +--------+--------+--------+--------+--------+-----+--------+

Top non-repeatable levels by time:
     D:5: 111 daAuts
